 Dungeon Crawl Stone Soup version 0.24.0-2-g5b39cebb1c (webtiles) character file.

Game seed: 647517276572223461, levelgen mode: deterministic

1447 Mrkan the Grappler (level 8, -2/81 HPs)
             Began as a Troll Monk on Oct 29, 2019.
             Was an Elder of Makhleb.
             Slain by Menkaure (9 damage)
             ... in an ossuary.
             The game lasted 00:10:18 (3788 turns).

Mrkan the Grappler (Troll Monk)                     Turns: 3788, Time: 00:10:19

Health: -2/81      AC:  6    Str: 20    XL:     8   Next: 46%
Magic:  7/7        EV: 10    Int:  7    God:    Makhleb [****..]
Gold:   177        SH:  0    Dex: 13    Spells: 7/7 levels left

rFire    . . .     SeeInvis .     - Unarmed
rCold    . . .     Gourm    +   (no shield)
rNeg     . . .     Faith    .   A - +0 robe {MR+}
rPois    .         Spirit   .   (helmet restricted)
rElec    .         Reflect  .   (no cloak)
rCorr    .         Harm     .   (gloves unavailable)
MR       +....                  (boots unavailable)
Stlth    ++........             (no amulet)
HPRegen  0.63/turn              (no ring)
MPRegen  0.10/turn              (no ring)

@: marked, flying
A: large, unfitting armour, claws 3, fast metabolism 3, gourmand, regeneration
1, shaggy fur 1, tough skin 3
a: Minor Destruction, Lesser Servant of Makhleb, Major Destruction, Renounce
Religion


You were in an ossuary.
You worshipped Makhleb.
Makhleb was greatly pleased with you.
You were very full.

You visited 1 branch of the dungeon, and saw 5 of its levels.
You also visited: Ossuary.

You collected 177 gold pieces.

Inventory:

Missiles
 r - 24 poisoned darts (quivered)
 t - 87 stones
Armour
 A - a +0 robe of magic resistance (worn)
Jewellery
 k - an uncursed amulet of faith {unknown}
 q - an uncursed ring of fire {unknown}
 v - a +3 amulet of reflection {unknown}
 y - an uncursed amulet of regeneration {unknown}
Scrolls
 c - 5 scrolls of remove curse {unknown}
 d - 2 scrolls of enchant armour {unknown}
 e - a scroll of teleportation {unknown}
 f - a scroll of fear {unknown}
 g - 7 scrolls of identify {unknown}
 j - a scroll of amnesia {unknown}
 n - a scroll of random uselessness {unknown}
 z - a scroll of blinking {unknown}
Potions
 h - 2 potions of curing
 i - a potion of agility {unknown}
 l - 2 potions of lignification {unknown}
 m - 2 potions of degeneration {unknown}
 o - 2 potions of flight
 p - a potion of might {unknown}
 s - a potion of cancellation {unknown}
 u - a potion of brilliance {unknown}
 w - 4 potions of mutation {unknown}
Comestibles
 b - 11 rations


   Skills:
 + Level 5.6 Fighting
 - Level 2.4 Dodging
 - Level 1.0 Stealth
 - Level 9.1 Unarmed Combat
 * Level 0.9 Invocations


You had 7 spell levels left.
You didn't know any spells.
Your spell library was empty.

Dungeon Overview and Level Annotations

Branches:
Dungeon (5/15)             Temple (0/1) D:4         Ossuary (1/1)

Altars:
Makhleb
Uskayaw
The Shining One

Annotations:
Ossuary Menkaure


Innate Abilities, Weirdness & Mutations

You are too large for most types of armour.
You have claws for hands.
Your metabolism is lightning-fast.
You like to eat raw meat.
Your natural rate of healing is unusually fast.
You are covered in fur. (AC +1)
You have extremely tough skin. (AC +3)


Message History

Menkaure gestures at you while chanting.
Pain shoots through your body!
* * * LOW HITPOINT WARNING * * *
The orc zombie hits you.
* * * LOW HITPOINT WARNING * * *
You scratch Menkaure.
Menkaure is lightly damaged.
Menkaure hits you!
* * * LOW HITPOINT WARNING * * *
It was a potion of curing.
You feel better. The orc zombie hits you.
* * * LOW HITPOINT WARNING * * *
Menkaure gestures at you while chanting.
You resist with some effort.
It was a potion of flight.
You feel very buoyant.
You fly up into the air.
Menkaure barely misses you.
The orc zombie hits you but does no damage.
Okay, then.
Menkaure hits you!
You die...

##..##..##..##..##.
##..##..##^.####..##
##..##..##..## ##..#
##.^##..##..## ##..
##..##..##.^## ##.
##..##..##..## ##
##^^##^.##..## # ##..##..##..##
##..##..##@Z######
##..##..##.^M^..^...
##..##..#####################
##.^##...^....................
##..###########################
#.........^.......^.....^......
###############################


You could see Menkaure and an orc zombie.

Vanquished Creatures
  Grinder (D:4)
  Edmund (D:4)
  A phantom (D:4)
  An ogre (D:4)
  Blork the orc (D:5)
  A scorpion (D:4)
  3 crimson imps
  A centaur zombie (D:5)
  4 orc wizards (D:4)
  An orc priest (D:4)
  2 iguanas (D:4)
  Ijyb (D:3)
  Natasha (thrice) (D:2)
  3 worker ants (D:4)
  4 mummies
  Robin (D:2)
  7 adders
  3 river rats (D:3)
  A white imp (D:4)
  2 oozes
  An adder skeleton (D:2)
  4 adder zombies (D:2)
  2 worms (D:2)
  5 dart slugs
  3 leopard geckos
  9 orcs (D:4)
  4 ball pythons
  2 bat skeletons (D:2)
  A bat zombie (D:2)
  A giant cockroach (D:3)
  13 goblins
  14 hobgoblins
  10 jackals (D:2)
  5 kobolds
  2 quokkas (D:4)
  A ball python zombie (D:2)
  8 bats
  6 frilled lizards
  A giant cockroach zombie (D:2)
  3 gnoll skeletons (Ossuary)
  3 gnoll zombies (Ossuary)
  8 goblin skeletons
  9 goblin zombies
  3 hobgoblin skeletons (Ossuary)
  7 hobgoblin zombies
  A jackal skeleton (D:4)
  A jackal zombie (D:2)
  6 kobold skeletons
  7 kobold zombies
  2 orc skeletons (Ossuary)
  3 orc zombies (Ossuary)
  A quokka skeleton (D:2)
  A quokka zombie (D:2)
  8 rats
  6 rat skeletons (Ossuary)
203 creatures vanquished.

Vanquished Creatures (others)
  A hobgoblin skeleton (Ossuary)
1 creature vanquished.

Grand Total: 204 creatures vanquished

Notes
Turn   | Place    | Note
-------+----------+-------------------------------------------
     0 | D:1      | Mrkan the Troll Monk began the quest for the Orb.
     0 | D:1      | Reached XP level 1. HP: 22/22 MP: 0/0
   123 | D:1      | Reached XP level 2. HP: 29/29 MP: 1/1
   261 | D:1      | Reached XP level 3. HP: 33/36 MP: 2/2
   524 | D:1      | Reached skill level 4 in Unarmed Combat
   882 | D:2      | Noticed Robin
   884 | D:2      | Killed Robin
   885 | D:2      | Noticed Natasha
   903 | D:1      | Reached XP level 4. HP: 13/45 MP: 3/3
   979 | D:2      | Killed Natasha
   999 | D:2      | Noticed Natasha
  1007 | D:2      | Killed Natasha
  1007 | D:2      | Reached skill level 5 in Unarmed Combat
  1010 | D:2      | Reached XP level 5. HP: 36/53 MP: 4/4
  1060 | D:2      | Noticed Natasha
  1070 | D:2      | Killed Natasha
  1579 | D:3      | Noticed Ijyb
  1611 | D:3      | Killed Ijyb
  1611 | D:3      | Reached XP level 6. HP: 57/62 MP: 5/5
  1633 | D:3      | Found a glowing drain.
  1659 | D:3      | Reached skill level 6 in Unarmed Combat
  1853 | D:3      | Found a burning altar of Makhleb.
  1861 | D:3      | Became a worshipper of Makhleb the Destroyer
  1861 | D:3      | Reached * piety under Makhleb
  1861 | D:3      | Reached ** piety under Makhleb
  2152 | D:3      | Found a faded altar of an unknown god.
  2448 | D:4      | Found a staircase to the Ecumenical Temple.
  2469 | D:4      | Noticed Edmund
  2485 | D:4      | Killed Edmund
  2485 | D:4      | Reached skill level 7 in Unarmed Combat
  2485 | D:4      | Reached XP level 7. HP: 54/71 MP: 6/6
  2548 | D:4      | Found a glowing golden altar of the Shining One.
  2817 | D:4      | Noticed Grinder
  2837 | D:4      | Killed Grinder
  2837 | D:4      | Reached skill level 5 in Fighting
  2837 | D:4      | Reached skill level 8 in Unarmed Combat
  2837 | D:4      | Reached XP level 8. HP: 47/80 MP: 7/7
  2894 | D:4      | Reached *** piety under Makhleb
  2976 | D:4      | Found a hide-covered altar of Uskayaw.
  3337 | D:5      | Entered Level 5 of the Dungeon
  3370 | D:5      | Noticed Blork the orc
  3388 | D:5      | Killed Blork the orc
  3415 | D:5      | Reached skill level 9 in Unarmed Combat
  3500 | D:5      | Found a sand-covered staircase.
  3512 | Ossuary  | Entered an ossuary
  3667 | Ossuary  | Reached **** piety under Makhleb
  3779 | Ossuary  | Noticed Menkaure
  3785 | Ossuary  | HP: 2/81 [Menkaure (16)]
  3788 | Ossuary  | Slain by Menkaure

Levels and vault maps discovered:
D:1:      dpeg_arrival_rooms_c, layout_basic, kennysheep_doodads, st_stairs_3,
          minmay_box_of_dots
D:2:      layout_rooms, serial_undead, serial_undead_c, serial_undead_d,
          serial_undead_a, serial_undead_a, serial_undead_b, serial_undead_f,
          serial_undead_b, serial_undead_f, serial_undead_b, serial_undead_b,
          uniq_robin, uniq_natasha
D:3:      layout_basic, lemuel_coloured_pillars_altar, first_ration,
          chequers_ecumenical_altar_lobes, portal_sewer_entry_b, uniq_ijyb
D:4:      layout_basic, lemuel_round_altar, nicolae_tso_besieged_by_evil,
          minmay_temple_entry_stoned_glass, uniq_grinder, uniq_edmund
D:5:      layout_loops_corners, gup_ossuary_entry_pyramid, uniq_blork_the_orc
Ossuary:  ossuary_due_pyramid

Skill      XL: |  1  2  3  4  5  6  7  8 |
---------------+-------------------------+-----
Unarmed Combat | 4 5 7 8 9 |  9.1
Fighting       | 3 4 5 |  5.6
Dodging        | |  2.4
Stealth        | |  1.0
Invocations    | |  0.9

Action                   |  1- 3 |  4- 6 |  7- 9 || total
-------------------------+-------+-------+-------++-------
Melee: Unarmed           |   106 |   209 |   228 ||   543
       Punch             |     2 |     3 |     7 ||    12
  Use: Potion            |       |       |     2 ||     2
 Stab: Sleeping          |     2 |       |     1 ||     3
       Distracted        |       |     1 |       ||     1
  Eat: Chunk             |    13 |    14 |    12 ||    39
Armor: Robe              |    59 |   117 |    58 ||   234
Dodge: Dodged            |    70 |   159 |    81 ||   310
